 Dungeon Crawl Stone Soup version 0.32-a0-886-g41c5271027 (webtiles) character file.

Game seed: 17150249036526766328

366 Lanoc the Shooter (level 6, -5/44 (48) HPs)
             Began as a Coglin Hunter on Apr 2, 2024.
             Slain by a wight
             ... wielding a +4 halberd
              (14 damage)
             ... on level 4 of the Dungeon.
             The game lasted 00:02:15 (2537 turns).

Lanoc the Shooter (Coglin Hunter)                   Turns: 2537, Time: 00:02:16

HP:   -5/44 (48)    AC:  3    Str: 11    XL:     6   Next: 68%
MP:   6/6           EV: 12    Int:  9    God:
Gold: 176           SH:  0    Dex: 19    Spells: 5/5 levels left

rFire   . . .        a - +2 sling {Xiang}
rCold   . . .        d - +0 sling {Lars}
rNeg    . . .        c - +0 leather armour
rPois   .            (no helmet)
rElec   .            (no cloak)
rCorr   .            (no gloves)
SInv    .            (no boots)
Will    .....        (amulet unavailable)
Stlth   ++           (ring unavailable)
HPRegen 0.27/turn    (ring unavailable)
MPRegen 0.10/turn    (no gizmo)

%: no passive effects
@: drained, revved
A: off-hand wielding, slow wielding, warmup strikes, no jewellery
a: Invent Gizmo


You were on level 4 of the Dungeon.
You visited 1 branch of the dungeon, and saw 4 of its levels.

You collected 176 gold pieces.

Inventory:

Hand Weapons
 a - a +2 sling (weapon) {Xiang}
 d - a +0 sling (offhand) {Lars}
Armour
 c - a +0 leather armour (worn)
Wands
 p - a wand of flame (4)
Scrolls
 b - a scroll of butterflies
 f - 3 scrolls of enchant armour {unknown}
 g - 2 scrolls of fear {unknown}
 h - 2 scrolls of teleportation {unknown}
 i - a scroll of acquirement {unknown}
 k - 3 scrolls of identify {unknown}
 l - a scroll of fog {unknown}
 m - 3 scrolls of noise {unknown}
 q - a scroll of summoning {unknown}
Potions
 e - 6 potions of curing {unknown}
 j - a potion of berserk rage {unknown}
 n - a potion of heal wounds {unknown}
 o - a potion of mutation {unknown}
 r - a potion of haste {unknown}
 s - a potion of ambrosia {unknown}
 t - a potion of cancellation {unknown}
 u - a potion of resistance {unknown}


   Skills:
 + Level 3.7 Fighting
 * Level 5.6 Ranged Weapons
 + Level 3.4 Dodging
 - Level 0.7 Stealth


You had 5 spell levels left.
You didn't know any spells.
Your spell library contained the following spells:

 Spells                   Type           Power      Damage    Failure   Level
 Leda's Liquefaction      Alch/Erth      0%         N/A       99%         4
 Lee's Rapid Deconstruct  Erth           0%         3d4*      100%        5
 Permafrost Eruption      Ice/Erth       0%         2x4d1     100%        6


Dungeon Overview and Level Annotations

Branches:
Dungeon (4/15)
 Temple: D:4-7

Altars:


Innate Abilities, Weirdness & Mutations

You can wield a second weapon in your off-hand.
It takes a long time for you to wield or remove held weapons.
Your first few attacks do less damage.
You cannot equip rings or amulets.


Message History

The wight is lightly damaged.
You shoot a sling bullet.
The sling bullet hits the wight but does no damage.
The wight is lightly damaged.
The wight closely misses you. The wight barely misses you.
The wight attacks as it pursues you! The wight misses you.
Items here: )) [[.
You shoot a sling bullet. The sling bullet hits the wight.
The wight is heavily damaged.
You shoot a sling bullet. The sling bullet hits the wight.
The wight is severely damaged.
The wight hits you from afar with a +4 halberd!
You feel drained. The wight closely misses you.
You shoot a sling bullet.
The sling bullet barely misses the wight.
The sling bullet hits the wight.
The wight is lightly damaged.
You shoot a sling bullet.
The sling bullet barely misses the wight.
The sling bullet hits the wight.
The wight is heavily damaged.
The wight hits you from afar with a +4 halberd!
You feel drained.
* * * LOW HITPOINT WARNING * * *
The wight barely misses you.
You are too injured to fight recklessly!
You are too injured to fight recklessly!
Fire: a) +2 sling {Xiang}
Press: ? - help, Q - select action, (/) - cycle Shift-Dir - straight line, f/p - wight
Aim: a wight, wielding a +0 war axe and wearing a +0 robe (severely damaged, 64% to hit)
You shoot a sling bullet.
The sling bullet barely misses the wight.
The sling bullet hits the wight but does no damage.
The wight is heavily damaged.
You shoot a sling bullet.
The sling bullet barely misses the wight.
The sling bullet hits the wight but does no damage.
The wight is heavily damaged.
The wight hits you from afar with a +4 halberd!
You die...

###############
#.............# #
#.............# #.#
#.............## ....
#............... .....
#...............
......####...............
......zz@................
......###................
..... #..)..).........#
.... #...............#
.## #.....######.##.#
#.....######.##.#
.<..............>#
.#......#####.##.# #.##.#


You could see 2 wights.

Vanquished Creatures
  3 wights (D:4)
  An orc priest (D:4)
  Jessica (D:2)
  3 gnolls (D:3)
  5 adders
  2 dart slugs
  9 orcs
  4 ball pythons
  5 bats
  3 endoplasms
  2 giant cockroaches
  7 hobgoblins
  A quokka (D:1)
  7 frilled lizards
  12 goblins
  6 kobolds
  7 rats
78 creatures vanquished.

Notes
Turn   | Place    | Note
-------+----------+-------------------------------------------
     0 | D:1      | Lanoc the Coglin Hunter began the quest for the Orb.
     0 | D:1      | Reached XP level 1. HP: 16/16 MP: 1/1
    74 | D:1      | Reached XP level 2. HP: 22/22 MP: 2/2
   204 | D:1      | Reached skill level 4 in Ranged Weapons
   249 | D:1      | Reached XP level 3. HP: 26/28 MP: 3/3
   990 | D:2      | Reached XP level 4. HP: 34/34 MP: 4/4
  1173 | D:2      | Noticed Jessica
  1177 | D:2      | Killed Jessica
  1566 | D:3      | Reached XP level 5. HP: 41/41 MP: 5/5
  2257 | D:4      | Reached skill level 5 in Ranged Weapons
  2473 | D:4      | Reached XP level 6. HP: 47/47 MP: 6/6
  2537 | D:4      | Slain by a wight

Illustrated notes

Levels and vault maps discovered:
D:1:      psy_arrival_basics, layout_loops_ring, nrook_mini_vaults,
          minmay_misc_feat_nine_boxes
D:2:      layout_loops_cross, uniq_jessica
D:3:      layout_loops_ring, chequers_serial_rivers_large_b,
          minmay_pentomino_pile
D:4:      layout_basic, guppyfry_early_lair_pool

Skill      XL: |  1  2  3  4  5 |
---------------+----------------+-----
Dodging        | 2 3 |  3.4
Ranged Weapons | 4 5 |  5.6
Fighting       | 3 |  3.7
Stealth        | |  0.7

Action                     |  1- 3 |  4- 6 || total
---------------------------+-------+-------++-------
   Fire: Sling             |   122 |   220 ||   342
 Armour: Leather armour    |    12 |    35 ||    47
  Dodge: Dodged            |     7 |    28 ||    35

Table legend: (Time is in decaauts)
 A = Elapsed time spent in this place.
 B = Non-inter-level travel time spent in this place.
 C = Inter-level travel time spent in this place.
 D = Time resting spent in this place.
 E = Time spent auto-exploring this place.
 F = Levels seen in this place.
 G = Mean time per level.
                   A        B        C        D        E       F      G
               +--------+--------+--------+--------+--------+-----+--------+
         Total |   2598 |   2491 |    107 |      0 |   2157 |   4 |  649.5 |
       Dungeon |   2598 |   2491 |    107 |      0 |   2157 |   4 |  649.5 |
               +--------+--------+--------+--------+--------+-----+--------+

Top non-repeatable levels by time:
     D:1: 859 daAuts
     D:3: 784 daAuts
     D:2: 661 daAuts
     D:4: 293 daAuts
